 Dungeon Crawl Stone Soup version 0.18-a0-1683-gf9322e6 (webtiles) character file.

357 namelastname112 the Slasher (level 6, -4/53 HPs)
             Began as a Draconian Berserker on Apr 3, 2016.
             Was a Priest of Trog.
             Hit by a tomahawk thrown by an orc (6 damage)
             ... on level 3 of the Dungeon.
             The game lasted 00:03:50 (2390 turns).

namelastname112 the Slasher (Draconian Berserker)   Turns: 2390, Time: 00:03:50

Health: -4/53      AC:  6    Str: 20    XL:     6   Next: 36%
Magic:  6/6        EV: 13    Int:  7    God:    Trog [***...]
Gold:   67         SH:  0    Dex: 12    Spells: 0 memorised, 5 levels left

rFire  . . .     SeeInvis .     a - +0 falchion
rCold  . . .     Gourm    .     (armour unavailable)
rNeg   . . .     Faith    .     (no shield)
rPois  .         Spirit   .     (helmet restricted)
rElec  .         Dismiss  .     (no cloak)
rCorr  .         Reflect  .     (no gloves)
SustAt .         Harm     .     (no boots)
MR     ++...     Rnd*Tele +     g - amulet of inaccuracy (curse)
Stlth  +.........               (no ring)
                                k - ring of teleportation (curse)

@: lethally poisoned (-4 -> -4), exhausted, regenerating, slowed, very slow,
very resistant to hostile enchantments, very unstealthy
A: unfitting armour, cold-blooded, AC +6
a: Berserk, Trog's Hand, Burn Spellbooks, Renounce Religion


You were on level 3 of the Dungeon.
You worshipped Trog.
Trog was most pleased with you.
You were not hungry.

You visited 1 branch of the dungeon, and saw 3 of its levels.

You collected 67 gold pieces.

Inventory:

Hand Weapons
 a - a +0 falchion (weapon)
Jewellery
 f - an uncursed ring of flight
 g - a cursed amulet of inaccuracy (around neck)
 i - an uncursed ring of stealth
 k - a cursed ring of teleportation (left hand)
 m - an uncursed ring of fire
Scrolls
 c - a scroll of recharging {unknown}
 d - a scroll of enchant weapon {unknown}
 j - a scroll of random uselessness {unknown}
 l - 2 scrolls of magic mapping {unknown}
 n - a scroll of noise {unknown}
 o - a scroll of teleportation {unknown}
 q - 2 scrolls of identify {unknown}
Potions
 e - 2 potions of ambrosia {unknown}
 h - a potion of might {unknown}
 p - a potion of curing {unknown}
Comestibles
 b - 2 bread rations


   Skills:
 + Level 4.6 Fighting
 * Level 5.5 Long Blades
 + Level 4.1 Dodging


You had 5 spell levels left.
You didn't know any spells.

Dungeon Overview and Level Annotations

Branches:
Dungeon (3/15)

Altars:
Dithmenos
Qazlal
Xom
Yredelemnul
Zin


Innate Abilities, Weirdness & Mutations

Your plain brown scales are hard (AC +6).
Your body does not fit into most forms of armour.
You are cold-blooded and may be slowed by cold attacks.


Message History

You are exhausted.
You feel yourself slow down. The orc barely misses you.
You hit the orc but do no damage.
You feel sick. The orc hits you with a flail. The orc misses you.
The orc closely misses you.
You barely miss the orc.
You feel sick. The orc misses you. The orc barely misses you. x2
You feel sick.
Items here: ( )) †† a dagger; a tomahawk; a club; an orc corpse; a hobgoblin corpse Your skin crawls.
You feel resistant to hostile enchantments.
You feel slightly more hungry.
You feel sick. The orc hits you with a flail!
* * * LOW HITPOINT WARNING * * *
The orc hits you with a flail!
* * * LOW HITPOINT WARNING * * *
You slash the orc!
You kill the orc!
Trog accepts your kill.
You feel sick.
The orc throws a tomahawk.
The tomahawk hits you.
You die...

###...### # #...# ## ##.##
##. # ## ##.# ##..
##!#.#.## ##..# ##...
#.......#######...####....
.......?(o(..........+....
#....%..#)##.#....####....
#.#####%#@###.##.## #..†
#.#.# #.#### ##.) #.#.#
#.# ##. #.#.# #.# ## #...#
#.# # ..### #.# # ## ####.
#.....


You could see an orc.

Vanquished Creatures
  Sigmund (D:2)
  3 orc wizards (D:3)
  Ijyb (D:2)
  3 adders
  5 orcs (D:3)
  5 giant cockroaches
  13 hobgoblins
  8 jackals
  8 kobolds
  2 quokkas (D:2)
  A ball python (D:1)
  5 bats
  4 giant newts
  3 goblins
  7 rats
69 creatures vanquished.

Notes
Turn   | Place    | Note
--------------------------------------------------------------
     0 | D:1      | namelastname112 the Draconian Berserker began the quest for the Orb.
     0 | D:1      | Reached XP level 1. HP: 19/19 MP: 1/1
    10 | D:1      | Noticed a six-headed hydra
    10 | D:1      | Noticed an anaconda
    10 | D:1      | Noticed a lindwurm
    10 | D:1      | Noticed a wolf
   100 | D:1      | Reached XP level 2. HP: 20/26 MP: 2/2
   348 | D:1      | Reached ** piety under Trog
   549 | D:1      | Reached XP level 3. HP: 31/31 MP: 3/3
   697 | D:2      | Noticed Ijyb
   718 | D:2      | Killed Ijyb
   721 | D:2      | Reached skill level 4 in Long Blades
   732 | D:2      | Found a shadowy altar of Dithmenos.
   778 | D:2      | Noticed Sigmund
   993 | D:2      | Reached XP level 4. HP: 21/40 MP: 4/4
  1238 | D:2      | Found a stormy altar of Qazlal.
  1272 | D:2      | Found a glowing silver altar of Zin.
  1548 | D:2      | Found a shimmering altar of Xom.
  1548 | D:2      | Found a basalt altar of Yredelemnul.
  1640 | D:2      | Killed Sigmund
  1640 | D:2      | Reached skill level 5 in Long Blades
  1640 | D:2      | Reached XP level 5. HP: 12/47 MP: 5/5
  1943 | D:3      | Reached *** piety under Trog
  1995 | D:3      | Reached XP level 6. HP: 34/53 MP: 6/6
  2389 | D:3      | HP: 1/53 [orc/flail (10)]
  2390 | D:3      | Hit by a tomahawk thrown by an orc

Vault maps used:
D:1:      onia_arrival_zoo_common, grunt_decor_fettered,
          minmay_misc_feat_secret_circle
D:2:      overflow_temple_1_default, lemuel_round_altar,
          gammafunk_temple_overflow_statue, first_bread,
          nicolae_qazlal_eye_of_the_storm, uniq_iyjb, uniq_sigmund
D:3:      roderic_cross_of_infinity

Skill      XL: |  1  2  3  4  5  6 |
---------------+-------------------+-----
Dodging        | 3 4 |  4.1
Long Blades    | 4 5 |  5.5
Fighting       | 4 |  4.6

Action                   |  1- 3 |  4- 6 || total
-------------------------+-------+-------++-------
Melee: Falchion          |   145 |   163 ||   308
Invok: Berserk           |       |     2 ||     2
       Trog's Hand       |       |     1 ||     1
 Stab: Sleeping          |     2 |       ||     2
  Eat: Chunk             |       |     5 ||     5
       Bread ration      |       |     1 ||     1
